 Dungeon Crawl Stone Soup version 0.27.1-3-gb3d3a73c9e (webtiles) character file.

Game seed: 3488502410775115886

40041 raph the Destroyer (level 13, -4/105 HPs)
             Began as a Purple Draconian Conjurer on Oct 20, 2021.
             Was a Priest of Elyvilon.
             Slain by a cane toad (15 damage)
             ... on level 6 of the Lair of Beasts.
             The game lasted 00:49:28 (23352 turns).

raph the Destroyer (Purple Draconian Conjurer)     Turns: 23352, Time: 00:49:29

Health: -4/105     AC: 13    Str:  9    XL:     13   Next: 72%
Magic:  10/26      EV: 14    Int: 30    God:    Elyvilon [***...]
Gold:   969        SH:  0    Dex: 10    Spells: 1/31 levels left

rFire    . . .     SeeInvis .   J - +2 Maxwell's thermic engine {flame, freeze}
rCold    . . .     Faith    .   (no shield)
rNeg     . . .     Spirit   .   (armour unavailable)
rPois    .         Reflect  .   (helmet restricted)
rElec    .         Harm     .   h - +1 cloak
rCorr    .         Rampage  .   (no gloves)
Will     +....                  p - +2 pair of boots
Stlth    +++.......             u - amulet of magic regeneration
HPRegen  0.27/turn              O - +4 ring of slaying
MPRegen  0.45/turn              Q - +6 ring of intelligence

@: lethally poisoned (-4 -> -11), divinely protected, studying Polearms
A: breathe power, AC +8, unfitting armour, cold-blooded
a: Breathe Dispelling Energy, Renounce Religion, Lesser Healing, Heal Other,
Purification, Divine Protection


You were on level 6 of the Lair of Beasts.
You worshipped Elyvilon.
Elyvilon was most pleased with you.
You visited 3 branches of the dungeon, and saw 18 of its levels.
You also visited: Ossuary.

You collected 969 gold pieces.

Inventory:

Hand Weapons
 a - a +3 whip of venom
 b - a +0 dagger
 G - a +2 whip of draining
 J - the +2 Maxwell's thermic engine (weapon) {flame, freeze}
   (You found it on level 8 of the Dungeon)

   It burns those it strikes, dealing additional fire damage.
   Big, fiery blades are also staple armaments of hydra-hunters.
   It freezes those it strikes, dealing additional cold damage.
   It can also slow down cold-blooded creatures.
   It becomes more effective when it hits something.
   This effect fades over time.
Missiles
 e - 84 poisoned darts
 n - 6 atropa-tipped darts
 s - 29 boomerangs
 A - 6 curare-tipped darts (quivered)
 H - 20 javelins
Armour
 h - a +1 cloak (worn)
 p - a +2 pair of boots (worn)
Jewellery
 g - a ring of positive energy
 i - a ring of flight
 u - an amulet of magic regeneration (around neck)
 x - an amulet of faith
 D - a ring of wizardry
 O - a +4 ring of slaying (left hand)
 P - a ring of protection from fire
 Q - a +6 ring of intelligence (right hand)
Wands
 q - a wand of iceblast (13)
 r - a wand of digging (5)
 t - a wand of polymorph (36)
 C - a wand of paralysis (13)
 E - a wand of acid (17)
Scrolls
 w - 3 scrolls of teleportation
 y - 3 scrolls of amnesia
 K - 5 scrolls of enchant weapon
 N - 2 scrolls of fog
Potions
 c - 2 potions of flight
 d - a potion of attraction
 f - 14 potions of curing
 j - 3 potions of might
 k - 4 potions of resistance
 l - a potion of haste
 m - 2 potions of invisibility
 o - 2 potions of degeneration
 v - 2 potions of cancellation
 z - 2 potions of heal wounds
 B - 2 potions of magic
 F - a potion of brilliance
 I - 2 potions of ambrosia {unknown}
 L - 3 potions of lignification
 M - a potion of berserk rage


   Skills:
 + Level 7.5 Fighting
 * Level 9.0 Long Blades
 - Level 2.5 Maces & Flails
 + Level 7.1 Dodging
 - Level 5.8 Stealth
 + Level 9.5 Spellcasting
 + Level 10.3 Conjurations
 + Level 8.1 Hexes
 + Level 5.8 Translocations
 + Level 6.0 Ice Magic
 + Level 9.7 Invocations


You had one spell level left.
You knew the following spells:

 Your Spells              Type           Power      Damage    Failure   Level
a - Magic Dart            Conj           100%       1d8       1%          1
b - Searing Ray           Conj           100%       3d7       1%          2
c - Dazzling Flash        Conj/Hex       100%       N/A       1%          3
d - Fulminant Prism       Conj/Hex       31%        3d16      1%          4
e - Iskenderun's Mystic   Conj/Tloc      58%        2d12      1%          4
f - Ozocubu's Armour      Ice            50%        N/A       1%          3
g - Metabolic Englaciati  Hex/Ice        27%        N/A       5%          5
h - Gell's Gravitas       Tloc           24%        N/A       1%          3
i - Freezing Cloud        Conj/Ice/Air   23%        6-21      11%         5

Your spell library contained the following spells:

 Spells                   Type           Power      Damage    Failure   Level
 Apportation              Tloc           98%        N/A       1%          1
 Lesser Beckoning         Tloc           24%        N/A       1%          3
 Teleport Other           Tloc           49%        N/A       1%          3
 Iskenderun's Battlesphe  Conj           66%        2d12      1%          5
 Corpse Rot               Necr/Air       N/A        N/A       5%          2
 Poisonous Vapours        Pois/Air       28%        N/A       5%          2
 Fireball                 Conj/Fire      22%        3d10      12%         5
 Invisibility             Hex            29%        N/A       21%         6
 Orb of Destruction       Conj           33%        9d12      41%         7
 Conjure Ball Lightning   Conj/Air       22%        3x3d6     56%         6
 Alistair's Intoxication  Tmut/Pois      9%         N/A       71%         5
 Simulacrum               Ice/Necr       16%        N/A       86%         6
 Ozocubu's Refrigeration  Ice            25%        4d10      95%         7


Dungeon Overview and Level Annotations

Branches:
Dungeon (11/15)            Temple (0/1) D:6            Lair (6/6) D:9
 Shoals (0/4) Lair:3       Spider (0/4) Lair:4        Slime (0/5) Lair:6
    Orc (1/2) D:10        Ossuary (visited)

Altars:
Cheibriados
Elyvilon
Fedhas
Gozag
Kikubaaqudgha
Nemelex Xobeh
Okawaru
Qazlal
Ru
Uskayaw
Vehumet
Yredelemnul
Jiyva

Annotations:
D:4 Pikel


Innate Abilities, Weirdness & Mutations

You can breathe bolts of dispelling energy.
Your rich purple scales are hard. (AC +8)
You cannot fit into any form of body armour.
You are cold-blooded and may be slowed by cold attacks.


Message History

* * * LOW HITPOINT WARNING * * *
The vampire mosquito bites you but does no damage.
You see here a +0 pair of boots.
Casting: Metabolic Englaciation (dangerous; 5% risk of failure)
Confirm with . or Enter, or press ? or * to list all spells.
You erupt in a blast of force!
The mystic blast hits the tyrant leech!
The tyrant leech is lightly wounded.
The tyrant leech is knocked back by the mystic blast.
The mystic blast hits the plant.
The plant begins to die.
The plant is lightly damaged.
The mystic blast hits the fungus!!
The fungus begins to die.
The fungus is lightly damaged.
The mystic blast hits the plant!!
The plant begins to die.
The plant is lightly damaged.
The mystic blast hits the vampire mosquito.
The vampire mosquito is lightly damaged.
The vampire mosquito is knocked back by the mystic blast.
The mystic blast hits the cane toad.
The cane toad is lightly wounded.
The cane toad is knocked back by the mystic blast.
* * * LOW HITPOINT WARNING * * *
You feel very sick.
You hear a croak.
You hear a bellow! x3; You hear an angry hiss.
You hear a bleat! x2
* * * LOW HITPOINT WARNING * * *
You feel very sick.
A blink frog comes into view.
A black mamba comes into view.
You feel very sick.
Okay, then.
Okay, then.
You beseech Elyvilon to protect your life.
You feel very sick.
A nearby fungus withers and dies.
The vampire mosquito bites you but does no damage.
A water moccasin comes into view.
The blink frog blinks!
The cane toad stings you!!
You can no longer call upon Elyvilon for divine vigour.
Elyvilon protects you from harm! The cane toad stings you!
You die...

...YF.YY.......#
...°YFY......<......
....YYYY....Y......
....YF°............
......Y..#..##....
....k....#####....
..........# #...## ##...
....†......####.F.## ...≈.
..........##...F@PP##...≈.
.........#..P...y.........
..$...Y.....S...[......≈..
.....................§..
..P###....S.........P#..
..## ..........wY.### . ..
........Y....#
.............#
............##


You could see a tyrant leech, a black mamba (wandering), 2 yaks, 2 cane toads, a
water moccasin (wandering), a vampire mosquito and a dream sheep.

Vanquished Creatures
  11 death yaks
  A centaur warrior (D:10)
  3 two-headed ogres
  An orb spider (Lair:4)
  4 elephants (Lair:5)
  5 black mambas
  A torpor snail (Lair:3)
  7 cane toads
  3 rime drakes
  9 komodo dragons
  A kobold demonologist (D:9)
  3 polar bears
  6 dream sheep
  7 blink frogs
  6 wyverns
  3 basilisks
  54 yaks
  12 water moccasins
  A sky beast (D:5)
  2 orc warriors
  2 ice beasts
  2 black bears (Lair:2)
  11 wolves
  4 ogres
  4 centaurs
  A lemure (D:4)
  2 phantoms
  2 kobold brigands
  2 elf zombies (Ossuary)
  13 bullfrogs
  2 scorpions
  A wyvern zombie (D:6)
  11 killer bees
  6 wights
  A vampire bat (D:3)
  4 howler monkeys
  9 centaur zombies
  A bullfrog skeleton (D:5)
  3 hounds
  A human zombie (Ossuary)
  A jelly (D:5)
  2 gnoll shamans
  An orc priest (D:8)
  3 iguanas
  Natasha (twice) (D:4)
  7 orc wizards
  A killer bee zombie (D:7)
  A hound zombie (Ossuary)
  3 mummies (Ossuary)
  3 howler monkey zombies
  7 gnolls
  A howler monkey skeleton (D:5)
  3 adders
  2 white imps (D:7)
  3 adder zombies (Ossuary)
  2 worms (D:2)
  A dart slug (D:4)
  3 fire bats (D:3)
  14 orcs
  2 spectral bats (D:3)
  3 bat skeletons (D:3)
  A bat zombie (D:3)
  6 endoplasms
  A giant cockroach (D:3)
  A gnoll zombie (Ossuary)
  4 goblins
  6 hobgoblins
  16 kobolds
  5 quokkas
  11 ball pythons
  15 bats
  A bat simulacrum (D:3)
  5 frilled lizards
  2 goblin zombies (Ossuary)
  2 hobgoblin zombies (Ossuary)
  5 jackal zombies (Ossuary)
  2 kobold zombies (Ossuary)
  6 quokka zombies (Ossuary)
  4 rats
  2 rat zombies (Ossuary)
  A bush (D:3)
383 creatures vanquished.

Vanquished Creatures (others)
  2 death yaks (Lair:3)
  3 dream sheep (Lair:6)
  3 blink frogs (Lair:1)
  A yak (Lair:6)
  A bush (D:9)
  65 fulminant prisms
  42 fungi
  102 plants
219 creatures vanquished.

Grand Total: 602 creatures vanquished

Notes
Turn   | Place    | Note
-------+----------+-------------------------------------------
     0 | D:1      | raph the Draconian Conjurer began the quest for the Orb.
     0 | D:1      | Reached XP level 1. HP: 14/14 MP: 3/3
   661 | D:1      | Reached XP level 2. HP: 20/20 MP: 5/5
   718 | D:1      | You fall into a shaft and drop 1 floor!
  1119 | D:1      | Reached XP level 3. HP: 9/26 MP: 0/6
  1122 | D:1      | Learned a level 2 spell: Searing Ray
  1126 | D:1      | Learned a level 3 spell: Dazzling Flash
  1404 | D:1      | Found a faded altar of an unknown god.
  2669 | D:3      | Reached XP level 4. HP: 32/33 MP: 7/7
  3750 | D:3      | Reached skill level 5 in Conjurations
  3862 | D:3      | Reached XP level 5. HP: 38/38 MP: 6/9
  4597 | D:4      | Noticed a lemure
  4619 | D:4      | Killed a lemure
  4851 | D:4      | Learned a level 4 spell: Fulminant Prism
  5030 | D:4      | Noticed Pikel
  5030 | D:4      | Noticed a lemure
  5030 | D:4      | Noticed a lemure
  5030 | D:4      | Noticed a lemure
  5615 | D:4      | Noticed Natasha
  5621 | D:4      | Killed Natasha
  5621 | D:4      | Noticed Natasha
  5625 | D:4      | Killed Natasha
  5626 | D:4      | Reached skill level 1 in Hexes
  5626 | D:4      | Reached XP level 6. HP: 46/46 MP: 2/10
  5823 | D:5      | Entered Level 5 of the Dungeon
  5866 | D:5      | Reached skill level 6 in Conjurations
  5897 | D:5      | Your scales start taking on a rich purple colour.
  5897 | D:5      | Reached XP level 7. HP: 51/51 MP: 1/12
  5997 | D:5      | Found a white marble altar of Elyvilon.
  6063 | D:5      | Became a worshipper of Elyvilon the Healer
  6142 | D:5      | Found a sand-covered staircase.
  6153 | Ossuary  | Entered an ossuary
  6455 | Ossuary  | Reached skill level 7 in Conjurations
  6482 | Ossuary  | Reached skill level 5 in Hexes
  6684 | D:5      | Reached XP level 8. HP: 55/58 MP: 5/13
  6887 | D:5      | Reached * piety under Elyvilon
  7127 | D:5      | Reached skill level 1 in Fighting
  7151 | D:5      | Learned a level 4 spell: Iskenderun's Mystic Blast
  7231 | D:5      | Reached skill level 1 in Invocations
  7482 | D:6      | Reached skill level 1 in Maces & Flails
  7641 | D:6      | Found a staircase to the Ecumenical Temple.
  7750 | D:6      | Reached skill level 1 in Translocations
  7816 | D:6      | Reached ** piety under Elyvilon
  8187 | D:6      | Found an opulent altar of Gozag.
  8328 | D:6      | Found a radiant altar of Vehumet.
  8460 | D:7      | Reached skill level 8 in Conjurations
  8530 | D:7      | Reached XP level 9. HP: 68/68 MP: 7/14
  8643 | D:7      | Found a blossoming altar of Fedhas.
  9509 | D:8      | Found an iron altar of Okawaru.
  9513 | D:8      | Found the +2 Maxwell's thermic engine {flame, freeze}
  9547 | D:8      | Reached skill level 1 in Long Blades
  9564 | D:8      | Noticed a two-headed ogre
  9627 | D:7      | Killed a two-headed ogre
  9628 | D:7      | Reached skill level 5 in Spellcasting
  9628 | D:7      | Reached skill level 5 in Invocations
  9863 | D:8      | Reached XP level 10. HP: 66/78 MP: 14/18
 10420 | D:9      | Noticed a two-headed ogre
 10605 | D:9      | Noticed a two-headed ogre
 10652 | D:9      | Killed a two-headed ogre
 11221 | D:8      | Reached skill level 5 in Stealth
 11451 | D:9      | Learned a level 3 spell: Ozocubu's Armour
 11537 | D:9      | Reached skill level 5 in Dodging
 11539 | D:9      | Reached XP level 11. HP: 71/85 MP: 7/21
 11681 | D:9      | Found a staircase to the Lair.
 12030 | D:9      | Killed a two-headed ogre
 12031 | D:9      | Reached skill level 1 in Ice Magic
 12413 | D:9      | Found a sparkling altar of Nemelex Xobeh.
 12417 | D:9      | Found a snail-covered altar of Cheibriados.
 12422 | D:9      | Found a basalt altar of Yredelemnul.
 12424 | D:9      | Found an ancient bone altar of Kikubaaqudgha.
 12424 | D:9      | Found a hide-covered altar of Uskayaw.
 12424 | D:9      | Found a stormy altar of Qazlal.
 12429 | D:9      | Found a sacrificial altar of Ru.
 12519 | D:10     | Entered Level 10 of the Dungeon
 12552 | D:10     | Found a staircase to the Orcish Mines.
 12568 | D:10     | Reached *** piety under Elyvilon
 12722 | D:10     | Reached skill level 5 in Fighting
 12722 | D:10     | Reached skill level 9 in Conjurations
 12766 | D:10     | Noticed a centaur warrior
 13240 | D:10     | Reached skill level 5 in Long Blades
 13562 | D:10     | Killed a centaur warrior
 13930 | Orc:1    | Entered Level 1 of the Orcish Mines
 13930 | Orc:1    | Noticed a two-headed ogre
 13930 | Orc:1    | Noticed an orc knight
 13949 | D:11     | Noticed a boulder beetle
 14035 | Lair:1   | Entered Level 1 of the Lair of Beasts
 14172 | Lair:1   | Noticed Nergalle
 14267 | Lair:1   | Pacified Nergalle
 14839 | Lair:1   | Learned a level 5 spell: Metabolic Englaciation
 14856 | Lair:1   | Noticed an eight-headed hydra
 14857 | Lair:1   | Pacified an eight-headed hydra
 15475 | Lair:2   | Noticed an eight-headed hydra
 15609 | Lair:2   | Pacified an eight-headed hydra
 15916 | Lair:2   | Reached XP level 12. HP: 60/95 MP: 8/24
 16265 | Lair:2   | Reached **** piety under Elyvilon
 17204 | Lair:3   | Noticed a death yak
 17204 | Lair:3   | Noticed a death yak
 17204 | Lair:3   | Noticed a death yak
 17204 | Lair:3   | Noticed a death yak
 17204 | Lair:3   | Noticed a death yak
 17204 | Lair:3   | Noticed a death yak
 17207 | Lair:2   | Pacified a death yak
 18083 | Lair:3   | Found a staircase to the Shoals.
 18295 | Lair:3   | Pacified a death yak
 18664 | Lair:3   | Pacified a death yak
 18678 | Lair:3   | Pacified a death yak
 18685 | Lair:3   | Killed a death yak
 18691 | Lair:3   | Killed a death yak
 19432 | Lair:4   | Reached skill level 5 in Ice Magic
 20072 | Lair:4   | Found a hole to the Spider Nest.
 20305 | Lair:5   | Noticed a five-headed hydra
 20306 | Lair:5   | Pacified a five-headed hydra
 20434 | Lair:5   | Reached skill level 5 in Translocations
 20434 | Lair:5   | Reached XP level 13. HP: 56/104 MP: 22/25
 21215 | Lair:5   | Learned a level 3 spell: Gell's Gravitas
 21346 | Lair:5   | Reached skill level 10 in Conjurations
 22591 | Lair:5   | Reached ***** piety under Elyvilon
 22984 | Lair:6   | Entered Level 6 of the Lair of Beasts
 23204 | Lair:6   | Learned a level 5 spell: Freezing Cloud
 23235 | Lair:6   | Found a staircase to the Slime Pits.
 23235 | Lair:6   | Found a viscous altar of Jiyva.
 23277 | Lair:6   | Identified the +6 war axe "Ceydovvi" {flame, rC+ Int+3}
 23337 | Lair:6   | HP: 3/105 [poisoned by a cane toad]
 23352 | Lair:6   | Elyvilon protects you from harm!
 23352 | Lair:6   | Slain by a cane toad

Illustrated notes

Levels and vault maps discovered:
D:1:      saegor_arrival_simple_e, layout_loops_ring, basic_ecumenical_altar
D:2:      layout_basic
D:3:      layout_loops_cross, serial_forest, infiniplex_forest_lined_4_way,
          infiniplex_forest_corner_1, infiniplex_forest_clump_long,
          infiniplex_forest_end_2, infiniplex_forest_clump_diagonal,
          infiniplex_forest_end_1, infiniplex_forest_lined_room_,
          infiniplex_forest_clump_double, infiniplex_forest_end_1, minivault_25,
          goddamned_bats
D:4:      layout_loops_ring, uniq_pikel, uniq_natasha
D:5:      layout_gridville, mainiacjoe_overflow_24_doors,
          lightli_ossuary_entry_decrepit_ruins, kennysheep_small_circle
D:6:      layout_loops_cross, mainiacjoe_overflow_alcove_1,
          general_overflow_altar, minmay_temple_entry_stoned_glass
D:7:      layout_basic, mainiacjoe_overflow_paths
D:8:      layout_rooms, okawaru_ov_weapons_minmay
D:9:      layout_long_grid, minitemple, minmay_lair_entry_grove
D:10:     layout_grid_maze, orc_0_dummy
D:11:     minmay_bubble_buster, layout_gridville, minmay_misc_feat_hallway,
          minivault_21
Lair:1:   layout_concentric_octagons, uniq_nergalle
Lair:2:   layout_misc_corridors, grunt_megastairs_3
Lair:3:   layout_cave_pods, shoals_dummy_entry, portal_ice_cave_entry_pillars_2
Lair:4:   layout_hall_layers, nicolae_spider_entry_orb_guardian,
          serial_bayou_shore_b, lemuel_fruit_tree
Lair:5:   layout_cave_pods, lemuel_fruit_fields, grunt_megastairs_4
Lair:6:   minmay_lair_end_frog_pond, layout_small_grid, slime_altar_1,
          guppyfry_lair_drakes
Orc:1:    layout_caves, serial_shops, shop, nicolae_orc_damp_corner

Skill      XL: |  1  2  3  4  5  6  7  8  9 10 11 12 13 |
---------------+----------------------------------------+-----
Stealth        | 2 3 4 5 |  5.8
Dodging        | 2 3 4 5 6 7 |  7.1
Conjurations   | 5 6 7 8 9 10 | 10.3
Spellcasting   | 3 5 6 8 9 |  9.5
Hexes          | 1 3 5 7 8 |  8.1
Fighting       | 2 3 4 5 6 7 |  7.5
Invocations    | 3 5 6 8 9 |  9.7
Maces & Flails | 2 |  2.5
Translocations | 2 3 4 5 |  5.8
Long Blades    | 2 4 6 7 9 |  9.0
Ice Magic      | 2 5 6 |  6.0

Action                   |  1- 3 |  4- 6 |  7- 9 | 10-12 | 13-15 || total
-------------------------+-------+-------+-------+-------+-------++-------
Melee: Dagger            |    13 |       |       |       |       ||    13
       Unarmed           |     6 |       |       |       |       ||     6
       Tailslap          |     4 |     7 |    10 |    25 |    13 ||    59
       Whip              |    51 |    91 |   129 |       |       ||   271
       Double sword      |       |       |    10 |   131 |    80 ||   221
Throw: Dart              |       |       |     1 |     5 |       ||     6
 Cast: Magic Dart        |    34 |     6 |     6 |     4 |       ||    50
       Searing Ray       |     3 |    25 |    49 |    50 |     8 ||   135
       Fulminant Prism   |       |       |    22 |    32 |    11 ||    65
       Iskenderun's Myst |       |       |     6 |    73 |    34 ||   113
       Dazzling Flash    |       |       |       |     5 |       ||     5
       Metabolic Englaci |       |       |       |     1 |    11 ||    12
       Freezing Cloud    |       |       |       |       |     3 ||     3
Invok: Heal Other        |       |       |     7 |    13 |       ||    20
       Lesser Healing    |       |       |       |     3 |     1 ||     4
       Divine Protection |       |       |       |     1 |     1 ||     2
       Greater Healing   |       |       |       |     1 |     3 ||     4
 Abil: Breathe Dispellin |       |       |     1 |       |       ||     1
Evoke: Wand              |       |       |     1 |     1 |       ||     2
  Use: Scroll            |     9 |     5 |     6 |     8 |     1 ||    29
       Potion            |       |       |       |       |     1 ||     1
 Stab: Sleeping          |     4 |     3 |       |     3 |       ||    10
       Invisible         |       |       |       |     1 |       ||     1
Armor: Skin              |    32 |    77 |   116 |   111 |    58 ||   394
Dodge: Dodged            |    59 |   101 |   138 |   169 |    99 ||   566
       Rpst.: Double sword |       |       |     5 |    51 |    22 ||    78
